 Dungeon Sprint DCSS version bcrawl-1.31 (webtiles) character file.

Game seed: 14097069274209044288

153738 Groucho the Gouger (level 4, -6/28 HPs)
             Began as a Felid Martial Artist on Mar 24, 2021.
             Was a Priest of Wu Jian.
             Killed by divine providence
             ... invoked by an orc priest
              (11 damage)
             ... in the Dungeon (Sprint IX: "|||||||||||||||||||||||||||||").
             The game lasted 00:00:36 (673 turns).

Groucho the Gouger (Felid Martial Artist)            Turns: 673, Time: 00:00:37

Health: -6/28      AC:  1    Str:  9    XL:     4   Next: 81%
Magic:  6/6        EV: 24    Int: 10    God:    Wu Jian [***...]
Gold:   0          SH:  0    Dex: 18    Spells: 4/5 levels left
                                        Lives:  0   Deaths: 1

rFire    . . .     SeeInvis +     - Teeth and claws (13.2)
rCold    . . .     Gourm    .   (shield unavailable)
rNeg     . . .     Faith    .   (armour unavailable)
rPois    .         Spirit   .   (helmet unavailable)
rElec    .         Reflect  .   (cloak restricted)
rCorr    .         Harm     .   (gloves unavailable)
MR       .....     NoTele   +   (boots unavailable)
Stlth    ++++......             (no amulet)
HPRegen  0.09/turn              (no ring)
MPRegen  0.10/turn              (no ring)

@: quick
A: very small, no armour, no weapons or thrown items, stealth, claws 1, fangs 3,
see invisible, carnivore, speed 1, shaggy fur 1, slow metabolism 1, sharp paws
a: Wall Jump, Serpent's Lash, Renounce Religion


You were in the Dungeon.
You worshipped Wu Jian.
Wu Jian was most pleased with you.
You were not hungry.

You visited 1 branch

Inventory:

Scrolls
 h - a scroll of blinking
Potions
 a - a potion of agility
 b - a potion of haste
 c - a potion of curing
 f - 2 potions of magic
 g - a potion of berserk rage
Comestibles
 e - a ration {!d}


   Skills:
 + Level 5.9 Fighting
 + Level 7.8 Dodging
 + Level 7.1 Stealth
 + Level 8.2 Unarmed Combat
 - Level 1.2 Spellcasting
 - Level 1.5 Hexes


You had 4 spell levels left.
You knew the following spells:

 Your Spells              Type           Power        Failure   Level  Hunger
a - Confusing Touch       Hex            #.......     19%         1    None
Your spell library was empty.

Dungeon Overview and Level Annotations

Branches:
Dungeon (1/1)

Altars:


Innate Abilities, Weirdness & Mutations

You cannot wear almost all types of armour.
You are incapable of wielding weapons or throwing items.
Your paws allow you to move quietly. (Stealth)
You have sharp claws.
You have razor-sharp teeth.
You have supernaturally acute eyesight. (SInv)
You are carnivorous and can eat meat at any time.
You cover ground quickly.
You are covered in fur. (AC +1)
You have a slow metabolism.
Your sharp claws are effective at attacking unaware monsters.


Message History

You hear a shout!
The orc wizard casts a spell.
The orc wizard seems to speed up.
The orc completely misses you.
There is an open door to the Orcish Mines here.
No path to travel!
No path to travel!
You scratch the orc.
The orc is severely wounded.
The orc priest invokes the aid of Beogh against you.
Beogh smites you!
* * * LOW HITPOINT WARNING * * *
The orc wizard gestures wildly while chanting.
The orc wizard blinks!
The orc barely misses you.
No path to travel!
You scratch the orc.
You kill the orc!
The Council accepts your kill.
The orc priest mumbles some strange prayers to Beogh against you.
Beogh smites you!
You die...

▓o▓
▓o▓
▓o▓
▓o▓
▓o▓
▓+▓
▓o▓
▓.▓
▓)▓
▓.▓
▓@▓
▓.▓
▓.▓
▓.▓
▓.▓
▓c▓
▓.▓
▓†▓
▓.▓.▓
▓.▓
▓.▓.▓
▓.▓
▓.▓.▓
▓.▓
▓.▓.▓
▓.▓
▓.▓.▓
▓)▓


You could see 3 orc priests, an orc wizard and 2 orcs.

Vanquished Creatures
  A crimson imp (D)
  A jelly (D)
  A worker ant (D)
  An orc (D)
  A bat skeleton (D)
  A giant cockroach (D)
  2 goblins (D)
  A hobgoblin (D)
  A frilled lizard (D)
10 creatures vanquished.

Notes
Turn   | Place    | Note
-------+----------+-------------------------------------------
     0 | D        | Groucho the Felid Martial Artist began the quest for the
                  | Orb.
     0 | D        | Reached XP level 1. HP: 12/12 MP: 3/3
     4 | D        | Reached skill level 5 in Unarmed Combat
    15 | D        | Reached ** piety under Wu Jian
   626 | D        | Noticed a centaur
   626 | D        | Noticed a worker ant
   626 | D        | Noticed a crimson imp
   626 | D        | Noticed a jelly
   627 | D        | Reached skill level 5 in Fighting
   627 | D        | Reached skill level 5 in Stealth
   627 | D        | Reached skill level 7 in Unarmed Combat
   627 | D        | Reached XP level 2. HP: 18/18 MP: 4/4
   627 | D        | Reached XP level 3. HP: 23/23 MP: 5/5
   627 | D        | Reached XP level 4. HP: 27/27 MP: 6/6
   631 | D        | Reached *** piety under Wu Jian
   654 | D        | Slain by a centaur
   655 | D        | Reached XP level 3. HP: -1/23 MP: 5/5
   671 | D        | Reached skill level 8 in Unarmed Combat
   671 | D        | Reached XP level 4. HP: 15/28 MP: 6/6
   673 | D        | Killed from afar by an orc priest

Skill      XL: |  1  2  3 |
---------------+----------+-----
Unarmed Combat | 7 8 |  8.2
Fighting       | 5 |  5.9
Dodging        | 6 7 |  7.8
Stealth        | 5 7 |  7.1
Spellcasting   | |  1.2
Hexes          | |  1.5

Action                   |  1- 3 |  4- 6 || total
-------------------------+-------+-------++-------
Melee: Unarmed           |    26 |    32 ||    58
       Bite              |     7 |     4 ||    11
       Punch             |     1 |     1 ||     2
Invok: Lunge             |     1 |     2 ||     3
 Abil: Serpent's Lash    |       |     1 ||     1
  Use: Potion            |       |     1 ||     1
Dodge: Dodged            |    16 |    18 ||    34
